AoeStats
← The Cow. Muu

Arabia

504924447Analyzed
3v3 RM · 25d ago on Sep 7, 2026· 44m 20s· 6 players
Game mode
Random Map
Map size
Normal (6 player)
Population
200
Speed
Normal
Resources
Standard
Victory
Conquest
Starting age
Dark Age
Ending age
Imperial Age
RankedLock teamsTeams togetherTeam positionsShared explorationLock speedFull tech treeHidden civsTurbo modeCheats
Victory
Defeat
🇺🇸 Inca · United States
1429
+13
🇲🇽 Vietnamese · Mexico
1413
+14
🇲🇽 Goths · Mexico
1383
+15
🇲🇽 Britons · Mexico
1446
-17
🇲🇽 Persians · Mexico
1328
-13
🇨🇦 Celts · Canada
1312
-12
The Cow. Muu
6:26 Loom
9:11 Feudal Age
9:54 Double-Bit Axe
12:23 Town Watch
13:08 Fletching
20:39 Wheelbarrow
20:00 Horse Collar
22:26 Padded Archer Armor
26:07 Castle Age
24:25 Gold Mining
25:00 Stone Mining
26:48 Bodkin Arrow
26:38 Crossbowman
28:20 Leather Archer Armor
29:14 Ballistics
30:10 Thumb Ring
43:23 Imperial Age
42:29 Bow Saw
43:49 Elite Rattan Archer
44:37 Bracer
45:39 Chemistry
The Last Shadow
9:44 Loom
12:13 Loom
14:24 Feudal Age
14:37 Champi Runner
17:27 Scale Mail Armor
19:23 Forging
22:39 Arson
26:08 Castle Age
26:13 Champi Warrior
26:54 Squires
26:47 Fletching
27:15 Chain Mail Armor
28:07 Double-Bit Axe
30:38 Town Watch
34:43 Wheelbarrow
37:51 Imperial Age
39:15 Conscription
41:18 Elite Kamayuk
44:12 Plate Mail Armor
44:18 Iron Casting
43:23 Elite Champi Warrior
[NC] Neuilly
6:28 Loom
7:08 Loom
9:13 Feudal Age
9:42 Town Watch
10:55 Double-Bit Axe
15:55 Forging
16:27 Horse Collar
20:15 Bloodlines
20:16 Scale Barding Armor
25:05 Castle Age
24:44 Gold Mining
26:15 Chain Barding Armor
27:04 Iron Casting
27:09 Bow Saw
27:00 Heavy Plow
29:12 Wheelbarrow
33:34 Husbandry
AnuBis Killer
6:27 Loom
8:44 Feudal Age
11:25 Double-Bit Axe
14:37 Fletching
16:08 Padded Archer Armor
16:42 Horse Collar
22:59 Castle Age
21:53 Gold Mining
23:45 Bodkin Arrow
25:27 Crossbowman
27:25 Leather Archer Armor
28:57 Ballistics
30:40 Town Watch
37:49 Stone Mining
38:34 Gold Shaft Mining
nieBla_aODI
1:44 Loom
11:03 Feudal Age
15:49 Double-Bit Axe
19:09 Horse Collar
20:37 Wheelbarrow
20:29 Fletching
27:44 Castle Age
25:51 Gold Mining
27:20 Scale Barding Armor
27:26 Forging
28:32 Husbandry
29:55 Chain Barding Armor
30:18 Iron Casting
CallmeFIRe_🔥
6:24 Loom
8:38 Feudal Age
15:50 Horse Collar
16:21 Gold Mining
16:38 Scale Barding Armor
18:31 Forging
19:22 Wheelbarrow
19:06 Double-Bit Axe
23:08 Castle Age
22:53 Bloodlines
24:17 Husbandry
24:41 Bow Saw
26:06 Chain Barding Armor
31:00 Iron Casting
32:47 Gold Shaft Mining
38:24 Imperial Age
38:03 Cavalier
39:19 Plate Barding Armor
43:32 Blast Furnace
41:53 Savar
Connection lost

Rejoining the realm…

Still unreachable

The connection could not be restored.

Session expired

The server has moved on; the page needs a fresh start.